 Dungeon Crawl Stone Soup version 0.23-a0-419-g0174fd8 (webtiles) character file.

340 willcat the Cutter (level 6, -22/41 HPs)
             Began as a Halfling Abyssal Knight on Nov 14, 2018.
             Was a Believer of Lugonu.
             Killed from afar by an orc (25 damage)
             ... with an exploding inner flame
             ... hexed by the player character
             ... on level 4 of the Dungeon.
             The game lasted 00:04:55 (3815 turns).

willcat the Cutter (Halfling Abyssal Knight)        Turns: 3815, Time: 00:04:56

Health: -22/41     AC:  7    Str: 11 (14) XL:     6   Next: 87%
Magic:  9/9        EV: 12    Int: 10      God:    Lugonu [**....]
Gold:   140        SH:  0    Dex: 14 (15) Spells: 5/5 levels left

rFire    . . .     SeeInvis .   g - +0 dagger (venom)
rCold    . . .     Gourm    .   (shield restricted)
rNeg     . . .     Faith    .   i - +0 scale mail
rPois    +         Spirit   .   (no helmet)
rElec    .         Reflect  .   (no cloak)
rCorr    .         Harm     .   (no gloves)
MR       .....                  (no boots)
Stlth    ..........             (no amulet)
HPRegen  0.13/turn              p - ring of poison resistance
MPRegen  0.11/turn              (no ring)

@: no status effects
A: small, mutation resistance 1
a: Depart the Abyss, Bend Space, Renounce Religion


You were on level 4 of the Dungeon.
You worshipped Lugonu.
Lugonu was pleased with you.
You were not hungry.

You visited 1 branch of the dungeon, and saw 4 of its levels.
You visited the Abyss 1 time.

You collected 140 gold pieces.

Inventory:

Hand Weapons
 a - a +1 short sword
 g - a +0 dagger of venom (weapon)
 o - a +2 dagger of speed
Armour
 d - a +1 plate armour
 i - a +0 scale mail (worn)
Jewellery
 p - a ring of poison resistance (left hand)
Scrolls
 b - 2 scrolls of fog
 h - 4 scrolls of identify
 k - a scroll of enchant armour
 n - a scroll of remove curse
Potions
 e - a potion of heal wounds
 l - 2 potions of agility
Comestibles
 c - 7 rations


   Skills:
 - Level 2.6 Fighting
 + Level 4.9 Short Blades
 + Level 4.2 Armour
 - Level 2.4 Dodging
 - Level 0.5 Stealth
 + Level 4.2 Invocations


You had 5 spell levels left.
You didn't know any spells.
Your spell library contained the following spells:

 Spells                   Type           Power        Failure   Level  Hunger
 Animate Skeleton         Necr           N/A          90%         1    ##.....
 Apportation              Tloc           #.....       90%         1    ##.....
 Confusing Touch          Hex            #.....       90%         1    ##.....
 Summon Small Mammal      Summ           #...         90%         1    ##.....


Dungeon Overview and Level Annotations

Branches:
Dungeon (4/15)
 Temple: D:4-7

Altars:


Innate Abilities, Weirdness & Mutations

You are small and have problems with some larger weapons.
You are somewhat resistant to further mutation.


Message History

You hit the orc.
The orc looks as sick as possible!
The orc is severely wounded.
The orc wizard hits you but does no damage.
The orc priest hits you with a +0 whip.
* * * LOW HITPOINT WARNING * * *
Unknown command.
You hit the orc.
The orc explodes!
The fiery explosion engulfs the adder skeleton.
You destroy the adder skeleton!
Lugonu accepts your kill.
The fiery explosion engulfs the orc wizard.
You kill the orc wizard!
Lugonu accepts your kill.
The fiery explosion engulfs the orc.
The orc explodes!
Lugonu accepts your kill. The fiery explosion engulfs you!
Ouch! That really hurt!
You die...

#. #. #. ####.
######## #....
#§...%.# #....
#§§§...# ##....
#§§§%..# ####.....
#§@oo.%####........
#..o?.....o........
#..................
#......####........
#......# #........
#......# #..)#....
######## #...#####
#...# #...#


You could see an orc priest, an orc wizard and an orc (inner flame).

Vanquished Creatures
  An orc priest (D:4)
  2 orc wizards
  Natasha (twice) (D:3)
  A worker ant (D:4)
  A hound skeleton (D:4)
  6 adders
  3 oozes
  An adder skeleton (D:4)
  2 worms (D:2)
  3 dart slugs
  4 leopard geckos
  8 orcs
  A giant cockroach (D:1)
  14 goblins
  7 hobgoblins
  5 jackals
  A quokka (D:3)
  A ball python (D:3)
  16 bats
  A frilled lizard (D:2)
  4 kobolds
  2 rats
86 creatures vanquished.

Notes
Turn   | Place    | Note
-------+----------+-------------------------------------------
     0 | Abyss:1  | willcat the Halfling Abyssal Knight began the quest for the
                  | Orb.
     0 | Abyss:1  | Reached XP level 1. HP: 15/15 MP: 2/2
    74 | Abyss:1  | Noticed a small abomination
    77 | Abyss:1  | Noticed an apocalypse crab
    79 | D:1      | Escaped the Abyss
   178 | D:1      | Reached XP level 2. HP: 14/20 MP: 3/3
   442 | D:1      | Reached * piety under Lugonu
   588 | D:1      | Reached XP level 3. HP: 25/25 MP: 4/4
  1338 | D:2      | Reached XP level 4. HP: 27/30 MP: 4/6
  2349 | D:3      | Reached XP level 5. HP: 28/35 MP: 7/7
  2539 | D:3      | Reached ** piety under Lugonu
  2745 | D:3      | Noticed Natasha
  2788 | D:3      | Killed Natasha
  2839 | D:3      | Reached XP level 6. HP: 28/41 MP: 8/8
  3628 | D:3      | Noticed Natasha
  3638 | D:3      | Killed Natasha
  3815 | D:4      | Killed from afar by an orc

Vault maps used:
D:1:      mushboom_english_gardens
D:3:      uniq_natasha
D:4:      serial_shops, nicolae_shop_behind_doors, first_ration,
          chequers_arboretum

Skill      XL: |  1  2  3  4  5  6 |
---------------+-------------------+-----
Short Blades   | 3 4 |  4.9
Dodging        | 2 |  2.4
Armour         | 3 4 |  4.2
Invocations    | 3 4 |  4.2
Fighting       | |  2.6
Stealth        | |  0.5

Action                   |  1- 3 |  4- 6 || total
-------------------------+-------+-------++-------
Melee: Short sword       |   102 |   231 ||   333
       Dagger            |       |   129 ||   129
Invok: Depart the Abyss  |     1 |       ||     1
  Use: Scroll            |     1 |     7 ||     8
       Potion            |       |     5 ||     5
 Stab: Distracted        |     1 |       ||     1
       Sleeping          |     1 |       ||     1
  Eat: Chunk             |       |    10 ||    10
Armor: Leather armour    |    13 |       ||    13
       Plate armour      |    41 |   198 ||   239
       Scale mail        |       |     7 ||     7
Dodge: Dodged            |    79 |   109 ||   188

Table legend:
 A = Non-vault XP
 B = Vault XP
 C = Vault XP percentage of total XP
 D = Non-vault monster count
 E = Vault monster count
 F = Vault count percentage of total count
                 A         B        C        D         E       F
            +---------+---------+-------+---------+---------+-------
      Total |     452 |      35 |   7.2 |      85 |       1 |   1.2
            +---------+---------+-------+---------+---------+-------
        D:1 |      34 |       0 |   0.0 |      21 |       0 |   0.0
        D:2 |      93 |       0 |   0.0 |      24 |       0 |   0.0
        D:3 |     178 |      35 |  16.4 |      32 |       1 |   3.0
        D:4 |     147 |       0 |   0.0 |       8 |       0 |   0.0
            +---------+---------+-------+---------+---------+-------
